Map: White Rabbit LE

Players

HoldTheDoor - Winner!

  • Race: Protoss Protoss
  • League: Diamond
  • Spawn Location: 1:00

Serral

  • Race: Zerg Zerg
  • League: Diamond
  • Spawn Location: 7:00

VOD

Have the link to the VOD?

Description

Time

  • Played on: May 19, 2026, 12:33 p.m.
  • Length: 9:36
Show
View Real Time Build Order
Export as new Build Order

HoldTheDoor Protoss - Winner!

Build Orders: 1 Gate Expand, Zealot Archon, Archon Drop, Dark Templar Rush 

Get SALT Encoding   

  12  0:00  Probe  
  13  0:12  Probe  
  14  0:19  Pylon  
  14  0:24  Probe  
  15  0:37  Probe  
  15  0:38  Gateway  
  16  0:49  Assimilator, Probe  
  17  1:01  Probe  
  18  1:13  Probe  
  19  1:31  Nexus  
  19  1:34  Cybernetics Core  
  19  1:36  Probe  
  20  1:43  Assimilator  
  20  1:49  Pylon  
  20  1:53  Probe  
  21  1:59  Stalker  
  21  2:05  Probe  
  22  2:13  Warp Gate  
  24  2:17  Probe  
  25  2:25  Stalker  
  25  2:29  Probe  
  28  2:35  Gateway  
  28  2:41  Probe  
  28  2:43  Probe  
  30  2:48  Robotics Facility  
  30  2:55  Probe  
  31  3:01  Twilight Council  
  31  3:07  Pylon  
  31  3:10  Probe  
  32  3:14  Probe  
  33  3:20  Assimilator  
  33  3:22  Probe  
  33  3:26  Probe  
  35  3:35  Probe  
  35  3:41  Dark Shrine  
  36  3:43  Pylon  
  36  3:44  Warp Prism  
  38  3:50  Pylon  
  38  4:00  Gateway  
  38  4:03  Gateway  
  38  4:04  Probe  
  38  4:07  Probe  
  40  4:16  Probe  
  41  4:19  Probe  
  41  4:22  Pylon  
  42  4:29  Probe  
  42  4:31  Probe  
  44  4:32  Adept x2  
  48  4:41  Probe  
  48  4:43  Probe  
  50  4:51  Pylon  
  50  4:54  Dark Templar x2  
  50  4:57  Dark Templar  
  56  5:00  Dark Templar  
  58  5:08  Probe  
  59  5:26  Stalker x2  
  63  5:33  Forge  
  63  5:38  Shield Battery  
  63  5:52  Dark Templar x2  
  63  5:53  Dark Templar  
  69  5:58  Pylon, Probe  
  69  6:02  Nexus  
  70  6:14  Archon  
  70  6:15  Archon  
  70  6:25  Archon  
  70  6:28  Dark Templar x2  
  74  6:38  Archon  
  74  6:43  Protoss Ground Weapons Level 1  
  74  6:44  Photon Cannon  
  74  6:47  Photon Cannon  
  74  6:48  Charge  
  74  6:50  Immortal, Shield Battery  
  74  6:53  Pylon  
  74  6:54  Photon Cannon  
  74  6:59  Photon Cannon  
  78  7:02  Probe  
  78  7:03  Pylon  
  78  7:06  Pylon  
  78  7:07  Probe  
  80  7:08  Pylon  
  80  7:14  Probe  
  81  7:19  Probe, Photon Cannon  
  82  7:26  Photon Cannon, Observer  
  83  7:30  Photon Cannon  
  83  7:38  Zealot x4  
  91  7:48  Gateway  
  91  7:50  Gateway  
  91  7:51  Gateway  
  91  7:53  Gateway  
  91  8:02  Zealot x4  
  89  8:23  Stalker x3  
  89  8:24  Stalker  
  77  8:43  Probe x2  
  79  8:48  Photon Cannon  
  79  8:49  Photon Cannon  
  67  9:09  Stalker  
  67  9:10  Stalker x4  
  75  9:22  Stalker  
Show
View Real Time Build Order
Export as new Build Order

Serral Zerg 

Build Orders: Hatch First 

Get SALT Encoding   

  12  0:02  Drone  
  13  0:17  Drone  
  14  0:24  Extractor, Drone  
  15  0:36  Hatchery  
  15  0:42  Extractor, Drone  
  15  1:00  Spawning Pool  
  14  1:04  Extractor, Drone  
  14  1:08  Overlord  
  15  1:27  Drone  
  15  1:28  Drone x2  
  18  1:43  Drone  
  19  1:49  Queen x2  
  24  1:54  Drone x2  
  26  2:01  Drone x2  
  27  2:16  Hatchery  
  27  2:20  Overlord  
  26  2:25  Drone  
  26  2:26  Drone  
  28  2:41  Queen  
  28  2:43  Queen  
  32  2:47  Drone  
  32  2:48  Drone  
  32  2:51  Overlord  
  34  2:58  Drone x2  
  36  3:09  Extractor, Drone  
  36  3:10  Extractor, Drone x3  
  38  3:15  Extractor  
  38  3:16  Extractor  
  36  3:33  Queen  
  38  3:35  Drone x7  
  38  3:36  Drone x2  
  38  3:40  Drone  
  38  3:41  Drone x2  
  50  3:51  Overlord  
  50  3:54  Overlord  
  50  3:56  Extractor  
  50  4:00  Extractor  
  48  4:09  Queen  
  52  4:11  Lair  
  50  4:22  Drone  
  50  4:23  Drone x6  
  57  4:44  Queen  
  59  4:51  Drone x3  
  62  4:54  Zergling x2  
  62  4:55  Zergling x6  
  62  4:56  Overlord x2  
  62  4:59  Hatchery  
  65  5:05  Spore Crawler  
  64  5:11  Overseer  
  64  5:13  Overseer  
  64  5:37  Hatchery  
  63  6:02  Spire, Drone x2  
  64  6:04  Queen  
  64  6:05  Extractor  
  64  6:09  Extractor  
  64  6:11  Queen  
  66  6:30  Spore Crawler  
  65  6:33  Spine Crawler  
  65  6:34  Overlord  
  65  6:35  Overlord  
  64  6:40  Metabolic Boost  
  64  6:48  Drone, Spire  
  64  6:55  Drone x3  
  64  6:56  Drone x3  
  64  6:58  Overlord x3  
  64  6:59  Overlord x3  
  70  7:11  Mutalisk  
  70  7:12  Mutalisk x8  
  88  7:17  Overlord x2, Mutalisk x2  
  88  7:18  Mutalisk  
  88  7:22  Zerg Flyer Weapons Level 1  
  94  7:31  Infestation Pit  
  85  8:25  Zergling x2  
  85  8:26  Zergling x34  
  75  9:12  Zergling x2  
  75  9:13  Zergling x16  
Tags
 
Add a new tag
Caveats
  • Supply blocks, unpowered buildings, or Contaminate may cause inaccurate times.
  • Supply counts are checked every 10 seconds.